PCL
SAN JOSE MISSIONS @ HOUSTON HAMMERTIME
09/24/2023
 
TOP OF THE 1ST
San Jose Missions batting - Pitching for Houston Hammertime : RHP Norberto Méndez
Pitching: RHP Norberto Méndez
Batting: RHB Greg Ball 0-0: Called Strike
0-1: Called Strike
0-2: Foul Ball, location: 2F
0-2: Ball
1-2: SINGLE (Line Drive, 78S)
Batting: LHB Mel Jones 0-0: Ball
1-0: Grounds into double play, 1-6-3 (Groundball, 15)
Batting: RHB Ed Starr 0-0: Ball
1-0: DOUBLE (Line Drive, 7LM)
Batting: LHB Miguel Montés 0-0: Called Strike
0-1: Ball
1-1: Foul Ball, location: 2F
1-2: Foul Ball, location: 2F
1-2: Fly out, F3 (Line Drive, 3S)
Top of the 1st over - 0 run(s), 2 hit(s), 0 error(s), 1 left on base; San Jose 0 - Houston 0
BOTTOM OF THE 1ST
Houston Hammertime batting - Pitching for San Jose Missions : LHP Floyd Dye
Pitching: LHP Floyd Dye
Batting: LHB Fernando Camacho 0-0: Called Strike
0-1: Ball
1-1: Ground out 4-3 (Groundball, 4)
Batting: RHB Robert Powell 0-0: Bunt for hit - play at first, batter OUT! 1-3
Batting: RHB Mario Beltrán 0-0: Ball
1-0: Ball
2-0: Foul Ball, location: 2F
2-1: Foul Ball, location: 2F
2-2: Ball
3-2: Fly out, F9 (Flyball, 9LD)
Bottom of the 1st over - 0 run(s), 0 hit(s), 0 error(s), 0 left on base; San Jose 0 - Houston 0
TOP OF THE 2ND
San Jose Missions batting - Pitching for Houston Hammertime : RHP Norberto Méndez
Batting: LHB Raúl García 0-0: SINGLE (Line Drive, 4MD)
Batting: RHB Chang-geun Kim 0-0: Called Strike
0-1: Ball
1-1: Ball
2-1: Foul Ball, location: 2F
2-2: Foul Ball, location: 2F
2-2: Ground out 5-3 (Groundball, 56S)
Raúl García to second
Batting: RHB Mike Gordon 0-0: Called Strike
0-1: Swinging Strike
0-2: Foul Ball, location: 2F
0-2: Foul Ball, location: 2F
0-2: Ball
1-2: Ball
2-2: Ground out 5-3 (Groundball, 5S)
Raúl García to third
Batting: RHB Goro Tanabe 0-0: Swinging Strike
0-1: Ball
1-1: Hit by Pitch
Batting: RHB Josh Powell 0-0: Ball
1-0: DOUBLE (Flyball, 7LD)
Raúl García scores
Goro Tanabe to third
Batting: RHB Greg Ball 0-0: Ball
1-0: Ball
2-0: Ground out 1-3 (Groundball, 13S)
Top of the 2nd over - 1 run(s), 2 hit(s), 0 error(s), 2 left on base; San Jose 1 - Houston 0
BOTTOM OF THE 2ND
Houston Hammertime batting - Pitching for San Jose Missions : LHP Floyd Dye
Batting: RHB Earl Wiggins 0-0: Called Strike
0-1: Ball
1-1: Ground out 5-3 (Groundball, 56)
Batting: SHB Cristo Ontiveros 0-0: Ground out 4-3 (Groundball, 4)
Batting: RHB Santo Cruz 0-0: Called Strike
0-1: Swinging Strike
0-2: Foul Ball, location: 2F
0-2: Ball
1-2: Ball
2-2: Ball
3-2: Base on Balls
Batting: RHB Alberto Cruz 0-0: Ball
1-0: Swinging Strike
1-1: Ball
2-1: Ball
3-1: Called Strike
3-2: Base on Balls
Santo Cruz to second
Batting: RHB Emílio Carrillo 0-0: Ball
1-0: Fly out, F6 (Line Drive, 6)
Bottom of the 2nd over - 0 run(s), 0 hit(s), 0 error(s), 2 left on base; San Jose 1 - Houston 0
TOP OF THE 3RD
San Jose Missions batting - Pitching for Houston Hammertime : RHP Norberto Méndez
Batting: LHB Mel Jones 0-0: Ball
1-0: Ball
2-0: Called Strike
2-1: Ball
3-1: Fly out, F4 (Popup, 4M)
Batting: RHB Ed Starr 0-0: Ball
1-0: Ball
2-0: Called Strike
2-1: Ball
3-1: Called Strike
3-2: Base on Balls
Batting: LHB Miguel Montés 0-0: Foul Ball, location: 2F
0-1: Called Strike
0-2: Ball
1-2: Ball
2-2: Ball
3-2: Base on Balls
Ed Starr to second
Batting: LHB Raúl García 0-0: Called Strike
0-1: Swinging Strike
0-2: Strikes out swinging
Batting: RHB Chang-geun Kim 0-0: Fly out, F4 (Popup, 4)
Top of the 3rd over - 0 run(s), 0 hit(s), 0 error(s), 2 left on base; San Jose 1 - Houston 0
BOTTOM OF THE 3RD
Houston Hammertime batting - Pitching for San Jose Missions : LHP Floyd Dye
Batting: LHB Jerry Ritchie 0-0: Ball
1-0: Called Strike
1-1: Ball
2-1: SINGLE (Groundball, 2R) (infield hit)
Batting: LHB Fernando Camacho 0-0: Ball
1-0: Swinging Strike
1-1: Foul Ball, location: 2F
1-2: Fly out, F8 (Flyball, 78M)
Batting: RHB Robert Powell 0-0: Ball
1-0: Ball
2-0: Ball
3-0: Called Strike
3-1: Grounds into double play, 4-6-3 (Groundball, 4)
Bottom of the 3rd over - 0 run(s), 1 hit(s), 0 error(s), 0 left on base; San Jose 1 - Houston 0
TOP OF THE 4TH
San Jose Missions batting - Pitching for Houston Hammertime : RHP Norberto Méndez
Batting: RHB Mike Gordon 0-0: Called Strike
0-1: Ball
1-1: Foul Ball, location: 2F
1-2: Ball
2-2: Ball
3-2: SOLO HOME RUN (Flyball, 7LD), Distance : 339 ft
Batting: RHB Goro Tanabe 0-0: Called Strike
0-1: Ball
1-1: Called Strike
1-2: Strikes out looking
Batting: RHB Josh Powell 0-0: Called Strike
0-1: Ball
1-1: Swinging Strike
1-2: SINGLE (Groundball, 56D)
Batting: RHB Greg Ball 0-0: Ball
1-0: Called Strike
1-1: Ball
2-1: DOUBLE (Line Drive, 7LS)
Josh Powell to third
Batting: LHB Mel Jones 0-0: Ball
1-0: SINGLE (Line Drive, 4MD)
Josh Powell scores
Greg Ball to third
Runner from 3rd tries for Home, SAFE, no throw or cutoff
Batting: RHB Ed Starr 0-0: Called Strike
0-1: Foul Ball, location: 2F
0-2: Strikes out swinging
Batting: LHB Miguel Montés 0-0: Called Strike
0-1: Fly out, F7 (Flyball, 78M)
Top of the 4th over - 3 run(s), 4 hit(s), 0 error(s), 1 left on base; San Jose 4 - Houston 0
BOTTOM OF THE 4TH
Houston Hammertime batting - Pitching for San Jose Missions : LHP Floyd Dye
Batting: RHB Mario Beltrán 0-0: Fly out, F4 (Line Drive, 4)
Batting: RHB Earl Wiggins 0-0: Called Strike
0-1: Hit by Pitch
Batting: SHB Cristo Ontiveros 0-0: Ball
1-0: Called Strike
1-1: Swinging Strike
1-2: Ball
2-2: Strikes out swinging
Batting: RHB Santo Cruz 0-0: Ball
1-0: Fly out, F7 (Flyball, 7M)
Bottom of the 4th over - 0 run(s), 0 hit(s), 0 error(s), 1 left on base; San Jose 4 - Houston 0
TOP OF THE 5TH
San Jose Missions batting - Pitching for Houston Hammertime : RHP Norberto Méndez
Batting: LHB Raúl García 0-0: Ball
1-0: Ground out 4-3 (Groundball, 4)
Batting: RHB Chang-geun Kim 0-0: Called Strike
0-1: DOUBLE (Flyball, 8RXD) - OUT at third base trying to stretch hit.
Batting: RHB Mike Gordon 0-0: Ball
1-0: Foul Ball, location: 2F
1-1: Ball
2-1: Ball
3-1: Base on Balls
Batting: RHB Goro Tanabe 0-0: Called Strike
0-1: Foul Ball, location: 2F
0-2: Ball
1-2: Ball
2-2: Strikes out swinging
Top of the 5th over - 0 run(s), 1 hit(s), 0 error(s), 1 left on base; San Jose 4 - Houston 0
BOTTOM OF THE 5TH
Houston Hammertime batting - Pitching for San Jose Missions : LHP Floyd Dye
Batting: RHB Alberto Cruz 0-0: Ground out U3 (Groundball, 3S)
Batting: RHB Emílio Carrillo 0-0: Called Strike
0-1: SINGLE (Line Drive, 78S)
Batting: LHB Jerry Ritchie 0-0: Ball
1-0: Ball
2-0: Ball
3-0: Called Strike
3-1: Called Strike
3-2: Base on Balls
Emílio Carrillo to second
Batting: LHB Fernando Camacho 0-0: Called Strike
0-1: Ball
1-1: Foul Ball, location: 2F
1-2: Foul Ball, location: 2F
1-2: Ball
2-2: Foul Ball, location: 2F
2-2: Foul Ball, location: 2F
2-2: Foul Ball, location: 2F
2-2: SINGLE (Flyball, 89S)
Emílio Carrillo to third
Jerry Ritchie to second
Runner from 3rd tries for Home, SAFE, throw made home
Batting: RHB Robert Powell 0-0: Fly out, F3 (Line Drive, 34)
Batting: RHB Mario Beltrán 0-0: Foul Ball, location: 2F
0-1: Ball
1-1: Called Strike
1-2: Ball
2-2: Ball
3-2: Foul Ball, location: 2F
3-2: Strikes out swinging
Bottom of the 5th over - 1 run(s), 2 hit(s), 0 error(s), 2 left on base; San Jose 4 - Houston 1
TOP OF THE 6TH
San Jose Missions batting - Pitching for Houston Hammertime : RHP Norberto Méndez
Pitching: RHP León Gómez
Batting: RHB Josh Powell 0-0: Ball
1-0: Called Strike
1-1: Called Strike
1-2: Strikes out swinging
Batting: RHB Greg Ball 0-0: Called Strike
0-1: DOUBLE (Flyball, 8LXD)
Batting: LHB Mel Jones 0-0: Ball
1-0: Swinging Strike
1-1: Ball
2-1: Foul Ball, location: 2F
2-2: DOUBLE (Groundball, 5L)
Greg Ball scores
Batting: RHB Ed Starr 0-0: Ball
1-0: Called Strike
1-1: Ball
2-1: Ball
3-1: Base on Balls
Batting: LHB Miguel Montés 0-0: DOUBLE (Flyball, 89XD)
Mel Jones scores
Ed Starr to third
Runner from 3rd tries for Home, SAFE, no throw or cutoff
Batting: LHB Raúl García 0-0: Called Strike
0-1: Called Strike
0-2: Strikes out swinging
Batting: RHB Chang-geun Kim 0-0: Called Strike
0-1: Ball
1-1: Ball
2-1: Called Strike
2-2: Foul Ball, location: 2F
2-2: Ball
3-2: Base on Balls
Batting: RHB Mike Gordon 0-0: Called Strike
0-1: Swinging Strike
0-2: Strikes out looking
Top of the 6th over - 3 run(s), 3 hit(s), 0 error(s), 2 left on base; San Jose 7 - Houston 1
BOTTOM OF THE 6TH
Houston Hammertime batting - Pitching for San Jose Missions : LHP Floyd Dye
Batting: RHB Earl Wiggins 0-0: Ball
1-0: Called Strike
1-1: Called Strike
1-2: SINGLE (Flyball, 7S)
Pitching: RHP Gabriel Moore
Batting: SHB Cristo Ontiveros 0-0: Fly out, F8 (Flyball, 8LM)
Pitching: RHP Anthony Jones
Batting: RHB Santo Cruz 0-0: Foul Ball, location: 2F
0-1: Foul Ball, location: 2F
0-2: Ball
1-2: Grounds into double play, 6-4-3 (Groundball, 6)
Bottom of the 6th over - 0 run(s), 1 hit(s), 0 error(s), 0 left on base; San Jose 7 - Houston 1
TOP OF THE 7TH
San Jose Missions batting - Pitching for Houston Hammertime : RHP León Gómez
Batting: RHB Goro Tanabe 0-0: Ball
1-0: Called Strike
1-1: Swinging Strike
1-2: Foul Ball, location: 2F
1-2: Strikes out swinging
Batting: RHB Josh Powell 0-0: Ball
1-0: Ball
2-0: Ball
3-0: Base on Balls
Batting: RHB Greg Ball 0-0: Ball
1-0: Foul Ball, location: 2F
1-1: Ball
2-1: SINGLE (Groundball, 6MD)
Josh Powell to second
Batting: LHB Mel Jones 0-0: Ball
1-0: Called Strike
1-1: Foul Ball, location: 2F
1-2: Ball
2-2: Ground out 5-3 (Groundball, 56S)
Josh Powell to third
Greg Ball to second
Batting: RHB Ed Starr 0-0: Ball
1-0: Ground out 2-3 (Groundball, 25)
Top of the 7th over - 0 run(s), 1 hit(s), 0 error(s), 2 left on base; San Jose 7 - Houston 1
BOTTOM OF THE 7TH
Houston Hammertime batting - Pitching for San Jose Missions : RHP Anthony Jones
Pitching: RHP Oliver Meléndez
Batting: RHB Alberto Cruz 0-0: Foul Ball, location: 2F
0-1: Ball
1-1: Ball
2-1: Foul Ball, location: 2F
2-2: DOUBLE (Line Drive, 9LM)
Batting: RHB Emílio Carrillo 0-0: Ball
1-0: Foul Ball, location: 2F
1-1: Foul Ball, location: 2F
1-2: Strikes out swinging
Batting: LHB Jerry Ritchie 0-0: Ball
1-0: Fly out, F8 (Flyball, 78M)
Batting: LHB Fernando Camacho 0-0: Ball
1-0: Called Strike
1-1: Ball
2-1: Ball
3-1: Base on Balls
Batting: RHB Robert Powell 0-0: Ball
1-0: Ball
2-0: Called Strike
2-1: Swinging Strike
2-2: Ball
3-2: Foul Ball, location: 2F
3-2: Base on Balls
Alberto Cruz to third
Fernando Camacho to second
Batting: RHB Mario Beltrán 0-0: Foul Ball, location: 2F
0-1: Foul Ball, location: 2F
0-2: Ball
1-2: Foul Ball, location: 2F
1-2: Ball
2-2: Ball
3-2: Fly out, F9 (Flyball, 9M)
Bottom of the 7th over - 0 run(s), 1 hit(s), 0 error(s), 3 left on base; San Jose 7 - Houston 1
TOP OF THE 8TH
San Jose Missions batting - Pitching for Houston Hammertime : RHP León Gómez
Pitching: RHP Juan Rodríguez
Batting: LHB Miguel Montés 0-0: Swinging Strike
0-1: DOUBLE (Flyball, 7LM)
Batting: LHB Raúl García 0-0: Swinging Strike
0-1: Foul Ball, location: 2F
0-2: Foul Ball, location: 2F
0-2: Ball
1-2: Foul Ball, location: 2F
1-2: Ball
2-2: Ball
3-2: Strikes out looking
Batting: RHB Chang-geun Kim 0-0: Ball
1-0: Called Strike
1-1: Ball
2-1: Fly out, F4 (Popup, 6MD)
Batting: RHB Mike Gordon 0-0: Ball
1-0: Foul Ball, location: 2F
1-1: Ball
2-1: Ball
3-1: SINGLE (Line Drive, 6MD)
Miguel Montés to third
Batting: RHB Goro Tanabe 0-0: Foul Ball, location: 2F
0-1: Foul Ball, location: 2F
0-2: Foul Ball, location: 2F
0-2: Strikes out swinging
Top of the 8th over - 0 run(s), 2 hit(s), 0 error(s), 2 left on base; San Jose 7 - Houston 1
BOTTOM OF THE 8TH
Houston Hammertime batting - Pitching for San Jose Missions : RHP Oliver Meléndez
Batting: RHB Earl Wiggins 0-0: SINGLE (Groundball, 4MD)
Batting: SHB Cristo Ontiveros 0-0: Ball
1-0: Foul Ball, location: 2F
1-1: Ball
2-1: Ball
3-1: Base on Balls
Earl Wiggins to second
Batting: RHB Santo Cruz 0-0: SINGLE (Groundball, 4M)
Earl Wiggins to third
Cristo Ontiveros to second
Runner from 3rd tries for Home, throw and OUT!
Cristo Ontiveros to third
Santo Cruz to second
Batting: RHB Alberto Cruz 0-0: Called Strike
0-1: Ball
1-1: Fly out, F9 (Flyball, 9LSF)
Runner from 3rd tags up, SCORES, no throw
Batting: RHB Emílio Carrillo 0-0: Ball
1-0: Called Strike
1-1: Ground out 6-3 (Groundball, 6M)
Bottom of the 8th over - 1 run(s), 2 hit(s), 0 error(s), 1 left on base; San Jose 7 - Houston 2
TOP OF THE 9TH
San Jose Missions batting - Pitching for Houston Hammertime : RHP Juan Rodríguez
Pitching: RHP António Mata
Batting: RHB Josh Powell 0-0: Called Strike
0-1: Foul Ball, location: 2F
0-2: Strikes out looking
Batting: RHB Greg Ball 0-0: Called Strike
0-1: Swinging Strike
0-2: Strikes out swinging
Batting: LHB Mel Jones 0-0: Swinging Strike
0-1: Foul Ball, location: 2F
0-2: SINGLE (Line Drive, 56)
Batting: RHB Ed Starr 0-0: Ball
1-0: Ball
2-0: Foul Ball, location: 2F
2-1: Ball
3-1: Called Strike
3-2: Base on Balls
Mel Jones to second
Batting: LHB Miguel Montés 0-0: Ball
1-0: Called Strike
1-1: Ball
2-1: SINGLE (Line Drive, 56D)
Mel Jones to third
Ed Starr to second
Runner from 3rd tries for Home, SAFE, no throw or cutoff
Batting: LHB Raúl García 0-0: Ball
1-0: SINGLE (Groundball, 56D)
Ed Starr to third
Miguel Montés to second
Runner from 3rd tries for Home, SAFE, no throw or cutoff
Batting: RHB Chang-geun Kim 0-0: Ground out 1-3 (Groundball, 15)
Top of the 9th over - 2 run(s), 3 hit(s), 0 error(s), 2 left on base; San Jose 9 - Houston 2
BOTTOM OF THE 9TH
Houston Hammertime batting - Pitching for San Jose Missions : RHP Oliver Meléndez
Now at C: Wilson Vecino
Now at 1B: Jim Brown
Now at SS: Bobby Brewster
Batting: LHB Jerry Ritchie 0-0: Swinging Strike
0-1: Ball
1-1: Swinging Strike
1-2: Foul Ball, location: 2F
1-2: Foul Ball, location: 2F
1-2: Ball
2-2: SINGLE (Line Drive, 89S)
Batting: LHB Fernando Camacho 0-0: Ball
1-0: Foul Ball, location: 2F
1-1: Fielders Choice at 2nd, 1-6 (Groundball, 13S)
Batting: RHB Robert Powell 0-0: SINGLE (Line Drive, 8LS)
Fernando Camacho to second
Batting: RHB Mario Beltrán 0-0: Ball
1-0: Ball
2-0: Grounds into double play, 6-4-3 (Groundball, 6M)
Bottom of the 9th over - 0 run(s), 2 hit(s), 0 error(s), 1 left on base; San Jose 9 - Houston 2
This league is powered by Out of the Park Baseball, the baseball management simulation game for PC, Mac and Linux
Wednesday, December 2nd, 2015 - OOTP Baseball 16.8 Build 38